 Dungeon Crawl Stone Soup version 0.28-b1-25-g9875b3fc8c (webtiles) character file.

Game seed: 8366041488938229835

0 crazypyro the Insei (level 1, 0/13 HPs)
             Began as a Demonspawn Wanderer on Jan 31, 2022.
             Slain by a hobgoblin (3 damage)
             ... on level 1 of the Dungeon.
             The game lasted 00:00:12 (16 turns).

crazypyro the Insei (Demonspawn Wanderer)             Turns: 16, Time: 00:00:12

Health: 0/13       AC:  2    Str: 12    XL:     1   Next: 8%
Magic:  3/3        EV: 11    Int: 13    God:
Gold:   0          SH:  3    Dex: 12    Spells: 3/4 levels left

rFire   . . .      SeeInvis .   a - +0 club
rCold   . . .      Faith    .   c - +0 buckler
rNeg    . . .      Spirit   .   d - +0 robe
rPois   .          Reflect  .   (no helmet)
rElec   .          Harm     .   (no cloak)
rCorr   .          Rampage  .   (no gloves)
Will    .....                   (no boots)
Stlth   +.........              (no amulet)
HPRegen 0.04/turn               (no ring)
MPRegen 0.08/turn               (no ring)

@: no status effects
A: no striking features
a: no special abilities


You were on level 1 of the Dungeon.
You visited 1 branch of the dungeon, and saw 1 of its levels.

Inventory:

Hand Weapons
 a - a +0 club (weapon)
Armour
 c - a +0 buckler (worn)
 d - a +0 robe (worn)
Scrolls
 e - a scroll of summoning
Potions
 b - a potion of berserk rage


   Skills:
 - Level 1.0 Throwing
 - Level 1.0 Dodging
 - Level 1.0 Shields
 + Level 3.6 Unarmed Combat
 - Level 2.0 Spellcasting
 - Level 1.0 Hexes


You had 3 spell levels left.
You knew the following spells:

 Your Spells              Type           Power      Damage    Failure   Level
a - Slow                  Hex            12%        N/A       22%         1

Your spell library contained the following spells:

 Spells                   Type           Power      Damage    Failure   Level
 Dazzling Flash           Conj/Hex       4%         N/A       63%         3


Dungeon Overview and Level Annotations

Branches:
Dungeon (1/15)

Altars:


Message History

Welcome, crazypyro the Demonspawn Wanderer.
The glorious Orb of Zot lies far below, as if waiting for you to find it.
Press ? for a list of commands and other information.
Found the demonspawn skeleton of crazypyro and a ring mail.
Found a staircase leading out of the dungeon.
You begin with the following items: a +0 club, a potion of berserk rage, a +0 buckler, a +0 robe, a scroll of summoning; and the following spell memorised: Slow; and the following spells available to memorise: Dazzling Flash.
You open the door.
A hobgoblin and a rat come into view.
The hobgoblin moves out of view.
There is an open door here.
A rat is nearby!
An endoplasm comes into view.
Found an escape hatch in the floor.
The endoplasm quivers.
The helpless rat fails to defend itself.
You hit the rat.
The rat is severely wounded.
The rat barely misses you.
You closely miss the rat.
The rat is severely wounded.
The rat barely misses you.
You barely miss the rat.
The rat is severely wounded.
The rat bites you. The rat bites you but does no damage.
You hit the rat.
You kill the rat!
The hobgoblin hits you.
You hit the endoplasm but do no damage. The endoplasm barely misses you.
The hobgoblin closely misses you.
You hit the endoplasm but do no damage. The endoplasm freezes you.
You are frozen.
* * * LOW HITPOINT WARNING * * *
The hobgoblin misses you. The endoplasm closely misses you.
You are too injured to fight recklessly!
You barely miss the hobgoblin. The hobgoblin hits you.
You die...

######.....
..........
>..#......
......... .......
....###########
#J.#.........#
#@#...###...#
#g'...#รท#.<.#
.......#...###...#
...###.#..[......#
# #.###########
... #.. #.. ..


You could see an endoplasm and a hobgoblin.

Vanquished Creatures
  A rat (D:1)
1 creature vanquished.

Notes
Turn   | Place    | Note
-------+----------+-------------------------------------------
     0 | D:1      | crazypyro the Demonspawn Wanderer began the quest for the
                  | Orb.
     0 | D:1      | crazypyro set off with the following items: a +0 club, a
                  | potion of berserk rage, a +0 buckler, a +0 robe, a scroll
                  | of summoning; and the following spell memorised: Slow; and
                  | the following spells available to memorise: Dazzling Flash
     0 | D:1      | Reached XP level 1. HP: 13/13 MP: 3/3
    16 | D:1      | Slain by a hobgoblin

Illustrated notes

Levels and vault maps discovered:
D:1:      nicolae_arrival_memento_mori, layout_loops_ring,
          shapermc_ecumenical_altar_notcrosses

Action                   || total
-------------------------++-------
Melee: Club              ||     7
 Stab: Sleeping          ||     1
Armor: Robe              ||     1
Dodge: Dodged            ||     6
